 Seeded DCSS version 0.30.1-4-g462c640d31 (webtiles) character file.

Game seed: 13072137714890895578 (custom seed)

97 sircluck the Chopper (level 4, -2/41 HPs)
             Began as a Hill Orc Berserker on Aug 20, 2023.
             Was a Believer of Trog.
             Slain by a kobold
             ... wielding a +0 short sword
              (4 damage)
             ... on level 4 of the Dungeon.
             The game lasted 00:03:02 (1851 turns).

sircluck the Chopper (Hill Orc Berserker)           Turns: 1851, Time: 00:03:02

Health: -2/41      AC:  6    Str: 21    XL:     4   Next: 68%
Magic:  4/4        EV: 10    Int:  7    God:    Trog [**....]
Gold:   306        SH:  0    Dex: 10    Spells: 3/3 levels left

rFire   . . .        p - +8 frozen axe "Frostbite" {freeze, freezing cloud, *Noise Fly rC+}
rCold   + . .        (shield currently unavailable)
rNeg    . . .        f - +0 scale mail
rPois   .            (no helmet)
rElec   .            (no cloak)
rCorr   .            (no gloves)
SInv    .            (no boots)
Will    .....        (no amulet) Stlth
                     e - ring of flight
HPRegen 0.26/turn    (no ring)
MPRegen 0.09/turn

%: no passive effects
@: flying
A: no striking features
a: Renounce Religion, Berserk, Trog's Hand


You were on level 4 of the Dungeon.
You worshipped Trog.
Trog was pleased with you.
You visited 1 branch of the dungeon, and saw 4 of its levels.

You collected 306 gold pieces.

Inventory:

Hand Weapons
 a - a +1 hand axe
 p - the +8 frozen axe "Frostbite" (weapon) {freeze, freezing cloud, *Noise Fly rC+}
   (You found it on level 3 of the Dungeon)

   rC:        It protects you from cold.
   Fly:       It grants you flight.
   *Noise:    It may make noises in combat.
Armour
 b - a +0 animal skin
 f - a +0 scale mail (worn)
Jewellery
 e - a ring of flight (left hand)
Wands
 g - a wand of iceblast (2)
Scrolls
 d - a scroll of noise {unknown}
 k - a scroll of fog
 l - a scroll of teleportation
Potions
 c - 2 potions of heal wounds {unknown}
 h - 4 potions of curing {unknown}
 i - a potion of degeneration {unknown}
 j - 2 potions of flight {unknown}
 m - a potion of might {unknown}
 n - 2 potions of mutation {unknown}
 o - a potion of invisibility {unknown}


   Skills:
 + Level 4.7 Fighting
 + Level 5.6 Axes
 + Level 2.5 Armour
 + Level 2.0 Dodging


You had 3 spell levels left.
You didn't know any spells.
Your spell library was empty.

Dungeon Overview and Level Annotations

Branches:
Dungeon (4/15)
 Temple: D:4-7

Altars:
Gozag

Shops:
D:3 =*


Message History

You are frozen.
You resist. The kobold closely misses you. The endoplasm freezes you.
You are frozen.
You resist. The kobold hits you but does no damage.
The endoplasm barely misses you. The kobold closely misses you.
The endoplasm hits you but does no damage.
The kobold closely misses you. The endoplasm closely misses you.
The kobold hits you with a +0 short sword.
* * * LOW HITPOINT WARNING * * *
The endoplasm hits you but does no damage.
The kobold hits you with a +0 short sword.
* * * LOW HITPOINT WARNING * * *
The endoplasm closely misses you. The kobold hits you but does no damage.
The endoplasm freezes you.
You are frozen.
You resist.
* * * LOW HITPOINT WARNING * * *
The kobold hits you but does no damage.
The endoplasm hits you but does no damage.
The kobold closely misses you.
The endoplasm hits you but does no damage.
The kobold hits you with a +0 short sword.
* * * LOW HITPOINT WARNING * * *
The endoplasm freezes you.
You are frozen.
You resist.
* * * LOW HITPOINT WARNING * * *
The kobold hits you but does no damage. The endoplasm misses you.
The kobold barely misses you. The endoplasm freezes you.
You are frozen.
You resist.
* * * LOW HITPOINT WARNING * * *
The kobold hits you with a +0 short sword.
* * * LOW HITPOINT WARNING * * *
The endoplasm freezes you.
You are frozen.
You resist.
* * * LOW HITPOINT WARNING * * *
The kobold barely misses you. The endoplasm barely misses you.
The kobold closely misses you.
The endoplasm hits you but does no damage.
The kobold hits you with a +0 short sword.
You die...

## .# ##K#
#@.# #..J..#
#..........
####.#.#>###
#... .# ###.
## #. #.


You could see an endoplasm and a kobold.

Vanquished Creatures
  4 adders
  2 dart slugs
  An orc (D:3)
  5 endoplasms (D:2)
  2 giant cockroaches (D:1)
  4 goblins
  2 hobgoblins
  7 jackals
  4 quokkas
  6 ball pythons
  5 bats
  3 frilled lizards
  8 kobolds
  3 rats
56 creatures vanquished.

Notes
Turn   | Place    | Note
-------+----------+-------------------------------------------
     0 | D:1      | sircluck the Hill Orc Berserker began the quest for the
                  | Orb.
     0 | D:1      | Reached XP level 1. HP: 19/19 MP: 1/1
   173 | D:1      | Reached XP level 2. HP: 24/27 MP: 2/2
   397 | D:2      | Reached XP level 3. HP: 6/33 MP: 3/3
   623 | D:2      | Reached ** piety under Trog
  1306 | D:3      | Reached skill level 5 in Axes
  1306 | D:3      | Reached XP level 4. HP: 41/41 MP: 4/4
  1311 | D:3      | Found the +8 frozen axe "Frostbite" {freeze, freezing
                  | cloud, *Noise Fly rC+}
  1505 | D:3      | Found Heh Veopt's Jewellery Shop.
  1639 | D:3      | Found Gozag's Platinum Reserve.
  1640 | D:3      | Found an opulent altar of Gozag.
  1848 | D:4      | HP: 2/41 [kobold/+0 short sword (1)]
  1851 | D:4      | Slain by a kobold

Illustrated notes

Levels and vault maps discovered:
D:1:      saegor_arrival_simple_e, layout_rooms,
          dilly_ecumenical_altar_fadedgnrine
D:2:      layout_basic, serial_park_tiny_1, chequers_big_river, minmay_tall_x
D:3:      layout_basic, nicolae_gozag_zags_fifth_avenue, serial_shops, shop
D:4:      cheibrodos_old_hovel, layout_loops_ring, mainiacjoe_overflow_brackets

Skill      XL: |  1  2  3  4 |
---------------+-------------+-----
Fighting       | 4 |  4.7
Axes           | 5 |  5.6
Dodging        | 2 |  2.0
Armour         | |  2.5

Action                     |  1- 3 |  4- 6 || total
---------------------------+-------+-------++-------
  Melee: Hand axe          |    96 |    10 ||   106
         Executioner's axe |       |    26 ||    26
    Use: Scroll            |       |     4 ||     4
 Armour: Animal skin       |    28 |     3 ||    31
         Scale mail        |       |    26 ||    26
  Dodge: Dodged            |    67 |    51 ||   118
